 Dungeon Crawl Stone Soup version 0.17-a0-2101-g0c122e7 (webtiles) character file.

129 kae the Slasher (level 4, -1/39 HPs)
             Began as a Minotaur Fighter on Oct 18, 2015.
             Slain by an orc
             ... wielding a +0 flail
              (6 damage)
             ... on level 3 of the Dungeon.
             The game lasted 00:01:32 (1959 turns).

kae the Slasher (Minotaur Fighter)                  Turns: 1959, Time: 00:01:32

Health: -1/39      AC:  6    Str: 20    XL:     4   Next: 88%
Magic:  3/3        EV:  7    Int:  6    God:
Gold:   145        SH:  9    Dex: 10    Spells: 0 memorised, 3 levels left

rFire  . . .     SeeInvis .     a - +0 long sword
rCold  . . .     Clarity  .     b - +0 scale mail
rNeg   . . .     SustAt   .     c - +0 shield
rPois  .         Gourm    .     (helmet restricted)
rElec  .         Spirit   .     (no cloak)
rCorr  .         Warding  .     (no gloves)
rMut   .         Stasis   .     (no boots)
MR     .....                    (no amulet)
Stlth  ..........               (no ring)
                                (no ring)

@: not resistant to hostile enchantments, extremely unstealthy
A: retaliatory headbutt, horns 2
a: no special abilities


You were on level 3 of the Dungeon.
You were hungry.

You visited 1 branch of the dungeon, and saw 3 of its levels.

You collected 145 gold pieces.

Inventory:

Hand Weapons
 a - a +0 long sword (weapon)
Armour
 b - a +0 scale mail (worn)
 c - a +0 shield (worn)
Jewellery
 m - an uncursed ring of wizardry {unknown}
Scrolls
 f - 4 scrolls of enchant armour {unknown}
 h - 2 scrolls of identify {unknown}
 i - 2 scrolls of random uselessness {unknown}
 k - a scroll of recharging {unknown}
 l - 2 scrolls of fog {unknown}
 o - a scroll of magic mapping {unknown}
 q - a scroll of noise {unknown}
 r - a scroll of enchant weapon {unknown}
Potions
 d - a potion of might
 g - 3 potions of curing {unknown}
 j - a potion of lignification {unknown}
Comestibles
 e - a bread ration
 n - 4 fruits


   Skills:
 - Level 3.6 Fighting
 + Level 6.2 Long Blades
 - Level 3.6 Armour
 - Level 3.6 Shields


You had 3 spell levels left.
You didn't know any spells.

Dungeon Overview and Level Annotations

Branches:
Dungeon (3/15)

Altars:
Ru
Trog


Innate Abilities, Weirdness & Mutations

You reflexively headbutt those who attack you in melee.
You have a pair of horns on your head.


Message History

The orc barely misses you. You furiously retaliate!
You headbutt the orc, but do no damage. You hit the orc.
You kill the orc!
You block the orc's attack. The orc priest closely misses you.
You hit the orc but do no damage. The orc barely misses you.
You block the orc priest's attack. The orc hits you with a flail.
* * * LOW HITPOINT WARNING * * *
You are too injured to fight recklessly!
You are too injured to fight recklessly!
You are too injured to fight recklessly!
You are too injured to fight recklessly!
You block the orc priest's attack.
Items here: )) [ †† a whip; a short sword; a chain mail; an orc corpse; an orc corpse You closely miss the orc.
The orc priest hits you from afar with a trident.
* * * LOW HITPOINT WARNING * * *
The orc hits you with a flail.
You die...

......o.....#.......#.#.#
....KSl.....#.......#.#.# ###
.....#####..#.......#.#.###..
..... #..#..._...^.....#.. ....
#..#.......#........ ...
##.#.......#.....#.. ...
#.#.......#.....###
#o####.####.....#
#.@o.........>..#
###)............# ###############
#################################


You could see an orc priest and an orc.

Vanquished Creatures
  Terence (D:3)
  3 adders
  An ooze (D:1)
  6 orcs
  A ball python (D:3)
  6 bats
  2 giant cockroaches
  12 hobgoblins
  3 jackals
  6 kobolds
  A quokka (D:3)
  3 giant geckos
  A giant newt (D:3)
  7 goblins
  9 rats
62 creatures vanquished.

Notes
Turn   | Place    | Note
--------------------------------------------------------------
     0 | D:1      | kae the Minotaur Fighter began the quest for the Orb.
     0 | D:1      | Reached XP level 1. HP: 19/19 MP: 0/0
   139 | D:1      | Reached XP level 2. HP: 24/26 MP: 1/1
   557 | D:1      | Reached skill level 4 in Long Blades
   731 | D:2      | Reached XP level 3. HP: 27/31 MP: 2/2
  1230 | D:2      | Found a bloodstained altar of Trog.
  1240 | D:2      | Reached skill level 5 in Long Blades
  1295 | D:2      | Reached XP level 4. HP: 27/39 MP: 3/3
  1411 | D:3      | Found a sacrificial altar of Ru.
  1582 | D:3      | Noticed Terence
  1598 | D:3      | Killed Terence
  1939 | D:3      | Reached skill level 6 in Long Blades
  1959 | D:3      | Slain by an orc

Vault maps used:
D:1:      dpeg_arrival_brainrot, serial_park_tiny_1
D:2:      bloody_trog, guppyfry_early_orc_mine
D:3:      kennysheep_crisscross, lemuel_tele_altar, uniq_terence

Action                   |  1- 3 |  4- 6 || total
-------------------------+-------+-------++-------
Melee: Long sword        |   122 |    64 ||   186
  Eat: Chunk             |     1 |     2 ||     3
